 Dungeon Crawl Stone Soup version 0.31-a0-986-g5e6e4ef867 (webtiles) character file.

Game seed: 12504952810128721378

51 LeprechaunX the Changeling (level 3, -3/24 HPs)
             Began as an Octopode Shapeshifter on Nov 20, 2023.
             Slain by a gnoll
             ... wielding a +0 club
              (9 damage)
             ... on level 2 of the Dungeon.
             The game lasted 00:00:43 (662 turns).

LeprechaunX the Changeling (Octopode Shapeshifter)   Turns: 662, Time: 00:00:44

Health: -3/24      AC:  1    Str: 13    XL:     3   Next: 83%
Magic:  3/3        EV: 13    Int: 12    God:
Gold:   34         SH:  0    Dex: 13    Spells: 2/2 levels left

rFire   . .          .
                       - Unarmed
rCold   . . .        (no shield)
rNeg    . . .        (helmet currently unavailable)
rPois   .            (no amulet)
rElec   .            (no ring)
rCorr   .            (no ring)
SInv    .            (no ring)
Will    .....        (no ring)
Stlth   ++           (no ring)
HPRegen 0.24/turn    (no ring)
MPRegen 0.08/turn    (no ring)
                     (no ring)

%: no passive effects
@: beast-form
A: beast (slay +2), almost no armour, amphibious, 8 rings, camouflage 1,
gelatinous body 1, (nimble swimmer 1), tentacles
a: Begin Untransformation


You were on level 2 of the Dungeon.
You were a hulking beast.
You visited 1 branch of the dungeon, and saw 2 of its levels.

You collected 34 gold pieces.

Inventory:

Talismans
 b - a beast talisman
 c - a flux talisman
Scrolls
 e - a scroll of torment {unknown}
 f - a scroll of immolation {unknown}
 g - a scroll of revelation {unknown}
 h - a scroll of fog {unknown}
Potions
 a - a potion of lignification
 d - a potion of heal wounds {unknown}


   Skills:
 + Level 1.8 Fighting
 - Level 2.0 Dodging
 + Level 3.4 Unarmed Combat
 * Level 3.8 Shapeshifting


You had 2 spell levels left.
You didn't know any spells.
Your spell library was empty.

Dungeon Overview and Level Annotations

Branches:
Dungeon (2/15)

Altars:


Innate Abilities, Weirdness & Mutations

You are a hulking beast.
Your limbs bulge with bestial killing power. (Slay +2)
You cannot wear most types of armour.
You are amphibious.
You can wear up to eight rings at the same time.
Your skin changes colour to match your surroundings (Stealth+).
Your rubbery body absorbs attacks. (AC +1, EV +1)
((You are camouflaged when in or above water. (Stealth+)))
You have tentacles for arms and can constrict up to eight enemies at once.


Message History

No target in view!
No target in view!
No target in view!
No target in view!
No target in view!
No target in view!
No target in view!
No target in view!
No target in view!
No target in view!
HP restored.
Things that are here:
a +0 dagger; a +0 sling A frilled lizard comes into view.
The frilled lizard hisses angrily.
A gnoll comes into view. It is wielding a +0 spear.
There are monsters nearby!
There are monsters nearby!
There are monsters nearby!
The gnoll shouts!
A gnoll comes into view. It is wielding a +0 club.
A rat comes into view.
Found 6 gold pieces.
The frilled lizard misses you.
You tentacle-slap the frilled lizard.
You kill the frilled lizard!
A gnoll comes into view. It is wielding a +0 spear.
Found a stone staircase leading down.
The gnoll shouts!
The gnoll hits you with a +0 club.
The gnoll hits you from afar with a +0 spear!
The gnoll falls through a shaft!
The shaft crumbles and collapses.
You tentacle-slap the gnoll. You grab the gnoll.
The gnoll is moderately wounded.
You constrict the gnoll. The gnoll closely misses you.
The gnoll hits you from afar with a +0 spear!
* * * LOW HITPOINT WARNING * * *
Unknown command.
You release your grip on the gnoll.
The gnoll attacks as it pursues you! The gnoll hits you with a +0 club!
You die...

#.....#
#.#
+.....#
#.#
#.....#
#.#
#.....#
#.#
#)....
#.# #.#
#.# #.##
#h.# ##g#
#...r.$.#
#.♣...♣.#
# ..... #
.♣...♣.
#.......#
# ♣...♣ #
..>..


You could see a gnoll and a rat.

Vanquished Creatures
  A gnoll (D:1)
  3 dart slugs (D:1)
  3 ball pythons (D:1)
  A bat (D:1)
  2 endoplasms (D:1)
  A giant cockroach (D:1)
  8 goblins
  4 hobgoblins (D:1)
  4 jackals (D:1)
  A frilled lizard (D:2)
  2 kobolds (D:1)
  A rat (D:1)
31 creatures vanquished.

Notes
Turn   | Place    | Note
-------+----------+-------------------------------------------
     0 | D:1      | LeprechaunX the Octopode Shapeshifter began the quest for
                  | the Orb.
     0 | D:1      | Reached XP level 1. HP: 13/13 MP: 1/1
    24 | D:1      | Reached XP level 2. HP: 11/18 MP: 2/2
   119 | D:1      | Reached XP level 3. HP: 16/23 MP: 3/3
   662 | D:2      | Slain by a gnoll

Illustrated notes

Levels and vault maps discovered:
D:1:      minmay_arrival_jagged, layout_basic, chequers_serial_rivers_large_a
D:2:      kennysheep_six_static_rooms, layout_basic, serial_shops,
          nicolae_shop_peninsula, shop, nicolae_shop_peninsula, shop, shop,
          grunt_ministairs_3

Action                     || total
---------------------------++-------
  Melee: Unarmed           ||    54
         Constrict         ||    12
         Tentacles         ||     6
         Punch             ||     1
   Stab: Sleeping          ||     2
 Armour: Skin              ||    23
  Dodge: Dodged            ||    24

Table legend: (Time is in decaauts)
 A = Elapsed time spent in this place.
 B = Non-inter-level travel time spent in this place.
 C = Inter-level travel time spent in this place.
 D = Time resting spent in this place.
 E = Time spent auto-exploring this place.
 F = Levels seen in this place.
 G = Mean time per level.
                   A        B        C        D        E       F      G
               +--------+--------+--------+--------+--------+-----+--------+
         Total |    658 |    609 |     49 |      0 |    481 |   2 |  329.0 |
       Dungeon |    658 |    609 |     49 |      0 |    481 |   2 |  329.0 |
               +--------+--------+--------+--------+--------+-----+--------+

Top non-repeatable levels by time:
     D:1: 591 daAuts
     D:2: 67 daAuts
